Map: Eternal Empire LE

Players

PartinG

  • Race: Protoss Protoss
  • League: Master
  • Spawn Location: 1:00

HeroMarine - Winner!

  • Race: Terran Terran
  • Spawn Location: 7:00

Event: DreamHack SC2 Masters 2020 Summer Season Finals

VOD

Have the link to the VOD?

Description

Time

  • Played on: July 16, 2020, 10:56 a.m.
  • Length: 11:46

All games in this series

Show
View Real Time Build Order
Export as new Build Order

PartinG Protoss 

Build Orders: 1 Gate Expand, Blink Stalkers 

Get SALT Encoding   

  12  0:00  Probe  
  13  0:13  Probe  
  14  0:17  Pylon  
  14  0:24  Probe  
  15  0:32  Probe  
  15  0:36  Gateway  
  15  0:40  Probe  
  16  0:46  Assimilator  
  17  0:51  Probe  
  18  1:03  Probe  
  19  1:15  Probe  
  20  1:23  Cybernetics Core  
  20  1:32  Nexus  
  20  1:36  Probe  
  21  1:42  Pylon  
  21  1:49  Adept  
  21  1:50  Assimilator  
  21  1:52  Probe  
  23  2:04  Shield Battery  
  23  2:07  Probe  
  24  2:10  Stalker  
  24  2:12  Warp Gate  
  24  2:22  Probe  
  27  2:34  Probe  
  27  2:36  Twilight Council  
  28  2:45  Probe, Blink  
  28  2:46  Probe  
  30  3:00  Probe x2, Gateway  
  32  3:13  Gateway  
  32  3:16  Probe  
  33  3:24  Probe  
  34  3:28  Probe  
  34  3:31  Gateway  
  35  3:37  Robotics Facility  
  35  3:40  Probe  
  35  3:41  Probe  
  37  3:47  Pylon  
  37  3:52  Probe  
  37  3:53  Probe  
  37  4:03  Nexus  
  37  4:07  Stalker  
  38  4:11  Probe x2  
  38  4:16  Stalker  
  42  4:20  Stalker  
  42  4:23  Probe x2  
  46  4:26  Observer  
  46  4:28  Assimilator  
  47  4:32  Stalker  
  47  4:36  Pylon  
  49  4:38  Probe  
  49  4:39  Charge  
  49  4:40  Probe  
  51  4:48  Stalker  
  51  4:51  Observer  
  54  4:56  Probe x2  
  56  5:00  Pylon  
  56  5:05  Pylon x2  
  56  5:08  Forge  
  56  5:09  Sentry  
  58  5:15  Observer  
  58  5:17  Probe  
  58  5:19  Probe x2  
  62  5:22  Stalker  
  62  5:24  Protoss Ground Weapons Level 1  
  62  5:27  Stalker  
  66  5:32  Probe x3  
  66  5:35  Pylon  
  69  5:36  Stalker  
  71  5:46  Probe x3  
  74  5:52  Warp Prism  
  74  5:59  Gateway x2  
  74  6:02  Gateway  
  76  6:06  Sentry  
  76  6:09  Photon Cannon  
  78  6:11  Pylon  
  78  6:14  Shield Battery  
  78  6:15  Probe  
  78  6:16  Probe  
  78  6:17  Sentry  
  82  6:18  Observer  
  82  6:19  Probe  
  82  6:24  Shield Battery  
  83  6:26  Photon Cannon  
  83  6:27  Sentry  
  83  6:28  Observer  
  83  6:31  Observer  
  82  6:33  Immortal, Stalker  
  82  6:39  Probe  
  85  6:42  Probe  
  90  6:51  Probe  
  91  6:55  Stalker x2  
  91  6:59  Zealot x2  
  91  7:00  Zealot x2  
  103  7:02  Probe  
  103  7:03  Probe  
  103  7:04  Probe  
  103  7:05  Protoss Ground Armor Level 1  
  103  7:07  Pylon  
  106  7:08  Pylon  
  106  7:10  Immortal  
  110  7:25  Zealot x4  
  110  7:29  Zealot x2  
  122  7:37  Probe x3  
  119  7:46  Zealot x4  
  119  7:48  Pylon  
  122  7:55  Zealot  
  122  7:56  Zealot  
  105  8:00  Immortal  
  99  8:07  Zealot x3  
  99  8:08  Observer  
  99  8:11  Stalker  
  96  8:18  Zealot x2  
  100  8:25  Observer  
  94  8:31  Probe x2  
  94  8:33  Templar Archives  
  96  8:37  Assimilator  
  96  8:41  Assimilator  
  96  8:42  Sentry, Assimilator  
  96  8:44  Warp Prism  
  96  8:45  Sentry  
  96  8:48  Zealot x3, Psionic Storm  
  100  8:49  Zealot  
  110  9:01  Gateway  
  110  9:02  Gateway  
  110  9:06  Probe x3  
  113  9:12  High Templar  
  115  9:20  High Templar  
  117  9:31  High Templar  
  113  9:32  Zealot x3  
  113  9:35  Nexus  
  113  9:37  Observer  
  120  9:41  Photon Cannon  
  116  9:51  Stalker  
  108  9:53  Zealot x2  
  108  9:56  Zealot  
  108  9:57  Zealot x3  
  108  9:59  Observer  
  121  10:04  Shield Battery  
  121  10:08  Shield Battery  
  121  10:09  High Templar  
  123  10:14  Pylon  
  123  10:16  Robotics Bay  
  123  10:21  Zealot x2  
  123  10:22  Zealot  
  121  10:28  High Templar x2  
  121  10:29  Zealot x2  
  121  10:30  Observer  
  121  10:32  Archon  
  103  10:43  Zealot x4  
  103  10:44  Immortal  
  103  10:47  Archon  
  111  10:52  Zealot x2  
  119  11:01  Zealot x2  
  117  11:11  Zealot x4  
  87  11:19  Zealot x2  
  87  11:24  High Templar x2  
  91  11:28  Archon  
  91  11:32  High Templar x4  
  95  11:37  Archon x2  
  93  11:41  Zealot x2  
Show
View Real Time Build Order
Export as new Build Order

HeroMarine Terran - Winner!

Build Orders:  

Get SALT Encoding   

  12  0:00  SCV  
  13  0:13  SCV  
  14  0:17  Supply Depot  
  14  0:25  SCV  
  15  0:38  SCV  
  15  0:41  Barracks  
  16  0:44  Refinery  
  16  0:50  SCV  
  17  1:02  SCV  
  18  1:15  SCV  
  19  1:28  Orbital Command, Marine  
  20  1:50  Command Center  
  20  1:55  Factory  
  20  1:58  SCV  
  21  2:03  Barracks Reactor  
  21  2:08  Supply Depot  
  21  2:10  SCV  
  22  2:19  Bunker  
  22  2:22  SCV  
  23  2:35  SCV  
  24  2:40  Starport  
  24  2:46  Hellion  
  24  2:47  SCV  
  24  2:48  Hellion  
  29  2:59  SCV  
  29  3:04  Orbital Command  
  30  3:07  Hellion  
  30  3:10  Barracks Tech Lab  
  30  3:11  Hellion  
  30  3:12  SCV  
  34  3:19  Barracks  
  34  3:24  SCV  
  35  3:28  Stimpack  
  35  3:29  Marine  
  35  3:30  SCV  
  37  3:36  SCV  
  37  3:37  Barracks  
  38  3:43  SCV, Factory Tech Lab  
  38  3:47  Supply Depot  
  38  3:48  SCV  
  41  3:53  Marauder  
  42  3:55  Refinery  
  42  3:56  SCV  
  42  4:00  SCV  
  44  4:08  SCV  
  43  4:12  SCV, Supply Depot  
  43  4:14  Marine  
  43  4:15  Starport  
  45  4:17  Marine  
  45  4:20  SCV  
  45  4:21  Supply Depot  
  45  4:23  Factory Reactor  
  47  4:28  SCV, Refinery  
  48  4:33  Combat Shield  
  48  4:37  Engineering Bay, Marine x2  
  50  4:40  SCV  
  50  4:43  SCV  
  50  4:44  Marine  
  50  4:45  Marine  
  54  4:52  SCV, Medivac  
  57  4:55  SCV  
  57  4:58  Marine x2  
  60  5:02  Supply Depot  
  60  5:04  Widow Mine x2  
  60  5:05  SCV  
  65  5:07  SCV  
  65  5:09  Refinery  
  65  5:12  Marine x2  
  68  5:16  Terran Infantry Weapons Level 1  
  68  5:17  Marine x2  
  70  5:23  SCV x2  
  70  5:26  Supply Depot  
  72  5:30  Marine  
  72  5:33  Marine  
  72  5:35  Marine x2  
  76  5:37  Medivac  
  76  5:40  Supply Depot  
  76  5:42  Factory Reactor  
  78  5:43  Medivac  
  78  5:49  Marauder  
  82  5:50  Concussive Shells  
  82  5:51  Marauder  
  82  5:53  Marine x2  
  82  5:54  Supply Depot  
  86  6:03  SCV x2  
  88  6:10  Marauder  
  88  6:11  Marine x2  
  90  6:13  Marauder  
  90  6:18  Command Center  
  94  6:21  Supply Depot  
  94  6:29  SCV x2  
  94  6:31  Marauder  
  98  6:33  Marine x2  
  98  6:34  Marauder  
  98  6:40  Medivac, Widow Mine  
  98  6:41  Widow Mine  
  98  6:42  Medivac  
  106  6:58  SCV x2  
  106  7:00  Barracks  
  106  7:01  Barracks  
  108  7:03  Marauder, Marine x2  
  108  7:04  Marauder  
  108  7:07  Widow Mine x2  
  118  7:10  Terran Infantry Armor Level 1  
  118  7:20  SCV  
  118  7:21  SCV  
  118  7:25  Supply Depot, Marine  
  118  7:26  Marauder  
  118  7:27  Marine  
  120  7:30  Marauder  
  120  7:36  SCV x2  
  120  7:43  Marine  
  115  7:45  Marine  
  113  7:54  Marauder x2  
  113  7:55  Marine  
  113  7:58  SCV x2  
  111  8:01  Marine  
  107  8:07  Marine  
  107  8:09  SCV  
  107  8:10  SCV x2  
  99  8:13  Marine  
  99  8:16  Marauder  
  96  8:21  Marine x2  
  96  8:23  SCV x2  
  96  8:25  Orbital Command  
  97  8:32  Medivac  
  97  8:33  Medivac  
  101  8:35  SCV x2  
  103  8:42  Barracks Tech Lab  
  103  8:43  Marine x3, Siege Tank  
  103  8:44  Marine, Barracks Tech Lab  
  103  8:47  SCV x2  
  112  8:54  Orbital Command  
  112  8:57  Supply Depot  
  112  8:58  Supply Depot, Barracks Tech Lab  
  112  8:59  SCV x2  
  112  9:01  Marine x4  
  118  9:03  Marauder x2  
  118  9:04  Armory  
  122  9:12  Missile Turret  
  122  9:15  Siege Tank  
  125  9:20  Bunker, Marauder  
  126  9:24  Marauder, Marine x2  
  126  9:28  Marauder  
  129  9:32  Liberator  
  129  9:33  Liberator  
  129  9:35  Marine x2  
  137  9:41  Supply Depot  
  137  9:42  Supply Depot  
  135  9:47  Siege Tank  
  137  9:55  Marauder x3, Marine x4  
  147  10:04  Supply Depot  
  147  10:13  Marine x3  
  150  10:16  Marauder x2  
  150  10:17  Marauder, Liberator x2  
  150  10:21  Marine  
  159  10:31  Marine  
  158  10:37  Marine  
  158  10:38  Marauder  
  158  10:41  Marauder  
  158  10:42  Marine x2  
  150  10:45  Marine  
  150  10:46  Siege Tank  
  150  10:48  Marine  
  155  10:51  Ghost Academy  
  155  10:54  Marine  
  154  10:59  Marauder  
  154  11:00  Marine x2  
  154  11:02  Marauder  
  154  11:03  Marauder  
  156  11:06  SCV, Marine  
  156  11:07  SCV x2  
  145  11:12  Marine  
  145  11:13  Medivac x2  
  145  11:17  Marine  
  145  11:18  Marine  
  142  11:20  Marauder  
  142  11:23  Marine  
  142  11:25  Marauder  
  145  11:42  Refinery x2  
  145  11:43  Command Center  
Tags
 
Add a new tag
Caveats
  • Supply blocks, unpowered buildings, or Contaminate may cause inaccurate times.
  • Supply counts are checked every 10 seconds.